| TOP OF THE 1ST |
|
New York Mets batting - Pitching for Milwaukee Brewers : RHP Josh Kenyon
|
|
Pitching: RHP Josh Kenyon
|
|
|
Batting: SHB Sean Cook
|
0-0: Ball 1-0: Foul Ball, location: 2F 1-1: Ball 2-1: Ball 3-1: Foul Ball, location: 2F 3-2: Ground out 5-3 (Groundball, 5S, EV 69.4 MPH)
|
|
Batting: SHB Javy Rosa
|
0-0: Ground out 6-3 (Groundball, 6, EV 81.3 MPH)
|
|
Batting: SHB Jonathan Jenkins
|
0-0: Called Strike 0-1: Ball 1-1: Ground out 4-3 (Groundball, 4, EV 101.3 MPH)
|
| Top of the 1st over - 0 runs, 0 hits, 0 errors, 0 left on base; New York 0 - Milwaukee 0 |
| BOTTOM OF THE 1ST |
|
Milwaukee Brewers batting - Pitching for New York Mets : RHP Matt McAtee
|
|
Pitching: RHP Matt McAtee
|
|
|
Batting: RHB Daniel Donovan
|
0-0: Foul Ball, location: 2F 0-1: Called Strike 0-2: Ball 1-2: Ground out 5-3 (Groundball, 56S, EV 66.9 MPH)
|
|
Batting: RHB Adrian Rudkilde
|
0-0: Foul Ball, location: 2F 0-1: Ground out U3 (Groundball, 34, EV 90.0 MPH)
|
|
Batting: SHB Jason Woods
|
0-0: Ball 1-0: Called Strike 1-1: Ball 2-1: Fly out, F8 (Flyball, 8RD, EV 103.1 MPH)
|
| Bottom of the 1st over - 0 runs, 0 hits, 0 errors, 0 left on base; New York 0 - Milwaukee 0 |
| TOP OF THE 2ND |
|
New York Mets batting - Pitching for Milwaukee Brewers : RHP Josh Kenyon
|
|
Batting: SHB Nelle van den Berg
|
0-0: Fly out, F8 (Flyball, 78D, EV 97.5 MPH)
|
|
Batting: SHB Harry Hoop
|
0-0: Called Strike 0-1: Called Strike 0-2: Strikes out swinging
|
|
Batting: SHB Kaname Fujimoto
|
0-0: Ball 1-0: Foul Ball, location: 2F 1-1: Called Strike 1-2: Ball 2-2: Foul Ball, location: 2F 2-2: Ball 3-2: Base on Balls
|
|
Batting: SHB Johnny Diaz
|
0-0: Called Strike 0-1: Ball 1-1: Ball 2-1: Foul Ball, location: 2F 2-2: SINGLE (Groundball, 3D, EV 103.1 MPH) Kaname Fujimoto to second Runner from 2nd tries for 3rd, SAFE, throw by RF made to third Johnny Diaz to second
|
|
Batting: LHB Timo Gomez
|
0-0: Called Strike 0-1: Fly out, F8 (Flyball, 89S, EV 89.4 MPH)
|
| Top of the 2nd over - 0 runs, 1 hit, 0 errors, 2 left on base; New York 0 - Milwaukee 0 |
| BOTTOM OF THE 2ND |
|
Milwaukee Brewers batting - Pitching for New York Mets : RHP Matt McAtee
|
|
Batting: RHB Adriaan Pieters
|
0-0: Called Strike 0-1: Ground out 4-3 (Groundball, 4, EV 104.4 MPH)
|
|
Batting: LHB Jeff Taylor
|
0-0: Ball 1-0: Called Strike 1-1: Swinging Strike 1-2: Strikes out looking
|
|
Batting: RHB Bobby Muniz
|
0-0: Called Strike 0-1: Swinging Strike 0-2: Strikes out swinging
|
| Bottom of the 2nd over - 0 runs, 0 hits, 0 errors, 0 left on base; New York 0 - Milwaukee 0 |
| TOP OF THE 3RD |
|
New York Mets batting - Pitching for Milwaukee Brewers : RHP Josh Kenyon
|
|
Batting: SHB Tomas Caldera
|
0-0: Ground out 1-3 (Groundball, 34S, EV 67.5 MPH)
|
|
Batting: SHB Sean Cook
|
0-0: Ball 1-0: Swinging Strike 1-1: Ball 2-1: Ball 3-1: DOUBLE (Line Drive, 7LD, EV 105.6 MPH)
|
|
Batting: SHB Javy Rosa
|
0-0: Ball 1-0: SINGLE (Line Drive, 78M, EV 108.8 MPH) Sean Cook to third Runner from 3rd tries for Home, SAFE, throw by CF to home
|
|
Batting: SHB Jonathan Jenkins
|
0-0: Called Strike 0-1: Ground out 4-3 (Groundball, 34, EV 106.9 MPH) Javy Rosa to second
|
|
Batting: SHB Nelle van den Berg
|
0-0: Ball 1-0: Fly out, F2 (Popup, 2LF, EV 86.3 MPH)
|
| Top of the 3rd over - 1 run, 2 hits, 0 errors, 1 left on base; New York 1 - Milwaukee 0 |
| BOTTOM OF THE 3RD |
|
Milwaukee Brewers batting - Pitching for New York Mets : RHP Matt McAtee
|
|
Batting: SHB Jean-François Bernard
|
0-0: Bunt for hit to 13 - play at first, batter OUT! 1-3
|
|
Batting: RHB Yuichi Matsuoka
|
0-0: Reached on error, E6 (Groundball, 56, EV 101.3 MPH)
|
|
Batting: RHB Jason Gee
|
0-0: Fly out, F6 (Line Drive, 6, EV 66.9 MPH) Lined into DP, 6-4 (Line Drive, 6, EV 71.3 MPH)
|
| Bottom of the 3rd over - 0 runs, 0 hits, 1 error, 0 left on base; New York 1 - Milwaukee 0 |
| TOP OF THE 4TH |
|
New York Mets batting - Pitching for Milwaukee Brewers : RHP Josh Kenyon
|
|
Batting: SHB Harry Hoop
|
0-0: Ball 1-0: Foul Ball, location: 2F 1-1: Ball 2-1: Ground out 1-3 (Groundball, 34S, EV 62.5 MPH)
|
|
Batting: SHB Kaname Fujimoto
|
0-0: Called Strike 0-1: Ball 1-1: Ground out 4-3 (Groundball, 4, EV 103.1 MPH)
|
|
Batting: SHB Johnny Diaz
|
0-0: Called Strike 0-1: Swinging Strike 0-2: Ball 1-2: Strikes out swinging
|
| Top of the 4th over - 0 runs, 0 hits, 0 errors, 0 left on base; New York 1 - Milwaukee 0 |
| BOTTOM OF THE 4TH |
|
Milwaukee Brewers batting - Pitching for New York Mets : RHP Matt McAtee
|
|
Batting: RHB Daniel Donovan
|
0-0: Swinging Strike 0-1: Swinging Strike 0-2: Ball 1-2: Ball 2-2: Strikes out swinging
|
|
Batting: RHB Adrian Rudkilde
|
0-0: Ground out 4-3 (Groundball, 4MD, EV 91.3 MPH)
|
|
Batting: SHB Jason Woods
|
0-0: Swinging Strike 0-1: Called Strike 0-2: Ground out 4-3 (Groundball, 4M, EV 108.1 MPH)
|
| Bottom of the 4th over - 0 runs, 0 hits, 0 errors, 0 left on base; New York 1 - Milwaukee 0 |
| TOP OF THE 5TH |
|
New York Mets batting - Pitching for Milwaukee Brewers : RHP Josh Kenyon
|
|
Batting: LHB Timo Gomez
|
0-0: DOUBLE (Line Drive, 7LS, EV 88.8 MPH)
|
|
Batting: SHB Tomas Caldera
|
0-0: Foul Ball, location: 2F 0-1: Foul Ball, location: 2F 0-2: Foul Ball, location: 2F 0-2: Foul Ball, location: 2F 0-2: Foul Ball, location: 2F 0-2: Ball 1-2: Ground out 1-3 (Groundball, 13S, EV 70.0 MPH) Timo Gomez to third
|
|
Batting: SHB Sean Cook
|
0-0: Squeeze Bunt to 23 - play home, runner scores, batter safe! Timo Gomez scores
|
|
Batting: SHB Javy Rosa
|
0-0: Called Strike 0-1: Ball 1-1: Ball 2-1: SINGLE (Line Drive, 89M, EV 90.0 MPH) Sean Cook to second Runner from 2nd tries for 3rd, OUT! 8-5 Javy Rosa to second
|
|
Batting: SHB Jonathan Jenkins
|
0-0: Swinging Strike 0-1: Ground out 6-3 (Groundball, 6, EV 108.8 MPH)
|
| Top of the 5th over - 1 run, 2 hits, 0 errors, 1 left on base; New York 2 - Milwaukee 0 |
| BOTTOM OF THE 5TH |
|
Milwaukee Brewers batting - Pitching for New York Mets : RHP Matt McAtee
|
|
Batting: RHB Adriaan Pieters
|
0-0: Ball 1-0: Foul Ball, location: 2F 1-1: Foul Ball, location: 2F 1-2: Foul Ball, location: 2F 1-2: Foul Ball, location: 2F 1-2: Foul Ball, location: 2F 1-2: Ball 2-2: Strikes out looking
|
|
Batting: LHB Jeff Taylor
|
0-0: Called Strike 0-1: Ball 1-1: SINGLE (Groundball, 56D, EV 104.4 MPH)
|
|
Batting: RHB Bobby Muniz
|
0-0: Ball 1-0: Ball 2-0: Called Strike 2-1: Ball 3-1: Base on Balls Jeff Taylor to second
|
|
Batting: SHB Jean-François Bernard
|
0-0: Ball 1-0: SINGLE (Line Drive, 7LM, EV 106.3 MPH) Jeff Taylor to third Bobby Muniz to second
|
|
Batting: RHB Yuichi Matsuoka
|
0-0: Ball 1-0: Called Strike 1-1: Grounds into fielders choice 6-2 (Groundball, 6S, EV 73.1 MPH) Bobby Muniz to third Jean-François Bernard to second
|
|
Batting: RHB Jason Gee
|
0-0: Ball 1-0: Foul Ball, location: 2F 1-1: Foul Ball, location: 2F 1-2: Ground out U3 (Groundball, 34S, EV 91.9 MPH)
|
| Bottom of the 5th over - 0 runs, 2 hits, 0 errors, 3 left on base; New York 2 - Milwaukee 0 |
| TOP OF THE 6TH |
|
New York Mets batting - Pitching for Milwaukee Brewers : RHP Josh Kenyon
|
|
Batting: SHB Nelle van den Berg
|
0-0: Ball 1-0: Ground out U3 (Groundball, 13, EV 88.1 MPH)
|
|
Batting: SHB Harry Hoop
|
0-0: Called Strike 0-1: Foul Ball, location: 2F 0-2: Strikes out swinging
|
|
Batting: SHB Kaname Fujimoto
|
0-0: Called Strike 0-1: Foul Ball, location: 2F 0-2: Ball 1-2: Fly out, F8 (Flyball, 78D, EV 75.0 MPH)
|
| Top of the 6th over - 0 runs, 0 hits, 0 errors, 0 left on base; New York 2 - Milwaukee 0 |
| BOTTOM OF THE 6TH |
|
Milwaukee Brewers batting - Pitching for New York Mets : RHP Matt McAtee
|
|
Batting: RHB Daniel Donovan
|
0-0: Ball 1-0: Called Strike 1-1: Foul Ball, location: 2F 1-2: Strikes out swinging
|
|
Batting: RHB Adrian Rudkilde
|
0-0: Ground out 6-3 (Groundball, 6S, EV 81.3 MPH)
|
|
Batting: SHB Jason Woods
|
0-0: Called Strike 0-1: Called Strike 0-2: Ball 1-2: SINGLE (Line Drive, 89S, EV 111.3 MPH)
|
|
Batting: RHB Adriaan Pieters
|
0-0: Called Strike 0-1: Foul Ball, location: 2F 0-2: Strikes out looking
|
| Bottom of the 6th over - 0 runs, 1 hit, 0 errors, 1 left on base; New York 2 - Milwaukee 0 |
| TOP OF THE 7TH |
|
New York Mets batting - Pitching for Milwaukee Brewers : RHP Josh Kenyon
|
|
Batting: SHB Johnny Diaz
|
0-0: Ball 1-0: Called Strike 1-1: Ball 2-1: Called Strike 2-2: Strikes out swinging
|
|
Batting: LHB Timo Gomez
|
0-0: Ball 1-0: Fly out, F5 (Popup, 5SF, EV 68.1 MPH)
|
|
Batting: SHB Tomas Caldera
|
0-0: Ball 1-0: Foul Ball, location: 2F 1-1: Foul Ball, location: 2F 1-2: Ball 2-2: Ball 3-2: Ground out 4-3 (Groundball, 4, EV 109.4 MPH)
|
| Top of the 7th over - 0 runs, 0 hits, 0 errors, 0 left on base; New York 2 - Milwaukee 0 |
| BOTTOM OF THE 7TH |
|
Milwaukee Brewers batting - Pitching for New York Mets : RHP Matt McAtee
|
|
Batting: LHB Jeff Taylor
|
0-0: Ball 1-0: Called Strike 1-1: Foul Ball, location: 2F 1-2: Foul Ball, location: 2F 1-2: Ball 2-2: Ball 3-2: Foul Ball, location: 2F 3-2: Foul Ball, location: 2F 3-2: Base on Balls
|
|
Batting: RHB Bobby Muniz
|
0-0: Ball 1-0: Foul Ball, location: 2F 1-1: Swinging Strike 1-2: Strikes out swinging
|
|
Pitching: LHP Chris Thurner
|
|
|
Batting: SHB Jean-François Bernard
|
0-0: Swinging Strike 0-1: Swinging Strike 0-2: Ball 1-2: Foul Ball, location: 2F 1-2: Strikes out looking
|
|
Batting: RHB Yuichi Matsuoka
|
0-0: Ball Jeff Taylor steals 2nd base 1-0: Ball 2-0: Foul Ball, location: 2F 2-1: Foul Ball, location: 2F 2-2: Strikes out looking
|
| Bottom of the 7th over - 0 runs, 0 hits, 0 errors, 1 left on base; New York 2 - Milwaukee 0 |
| TOP OF THE 8TH |
|
New York Mets batting - Pitching for Milwaukee Brewers : RHP Josh Kenyon
|
|
Batting: SHB Sean Cook
|
0-0: Swinging Strike 0-1: Foul Ball, location: 2F 0-2: Strikes out looking
|
|
Batting: SHB Javy Rosa
|
0-0: Hit by Pitch
|
|
Batting: SHB Jonathan Jenkins
|
0-0: Ball 1-0: SINGLE (Flyball, 7S, EV 85.0 MPH) Javy Rosa to second
|
|
Batting: SHB Nelle van den Berg
|
0-0: Fly out, F8 (Flyball, 78D, EV 106.9 MPH) Runner from 2nd tags up, SAFE at 3rd with throw by CF
|
|
Batting: SHB Harry Hoop
|
0-0: Ball 1-0: Ball 2-0: Called Strike 2-1: Fly out, F8 (Line Drive, 8LD, EV 105.6 MPH)
|
| Top of the 8th over - 0 runs, 1 hit, 0 errors, 2 left on base; New York 2 - Milwaukee 0 |
| BOTTOM OF THE 8TH |
|
Milwaukee Brewers batting - Pitching for New York Mets : LHP Chris Thurner
|
|
Pitching: RHP Justin Howard
|
|
|
Batting: RHB Jason Gee
|
0-0: Called Strike 0-1: Ball 1-1: Ball 2-1: Ball 3-1: Base on Balls
|
|
Batting: RHB Daniel Donovan
|
0-0: Ball 1-0: Swinging Strike 1-1: Foul Ball, location: 2F 1-2: Strikes out swinging
|
|
Batting: RHB Adrian Rudkilde
|
0-0: Swinging Strike 0-1: Ball 1-1: Foul Ball, location: 2F 1-2: Ball 2-2: Ball 3-2: Strikes out swinging
|
|
Batting: SHB Jason Woods
|
0-0: Swinging Strike 0-1: Ball 1-1: Swinging Strike 1-2: Foul Ball, location: 2F 1-2: SINGLE (Line Drive, 34D, EV 111.9 MPH) Jason Gee to second
|
|
Batting: RHB Adriaan Pieters
|
0-0: Called Strike 0-1: Called Strike 0-2: Ball 1-2: Ground out U3 (Groundball, 3, EV 81.9 MPH)
|
| Bottom of the 8th over - 0 runs, 1 hit, 0 errors, 2 left on base; New York 2 - Milwaukee 0 |
| TOP OF THE 9TH |
|
New York Mets batting - Pitching for Milwaukee Brewers : RHP Josh Kenyon
|
|
Batting: SHB Kaname Fujimoto
|
0-0: SINGLE (Groundball, 34D, EV 79.4 MPH) (infield hit)
|
|
Batting: SHB Johnny Diaz
|
0-0: Ball Kaname Fujimoto steals 2nd base 1-0: Called Strike 1-1: Ball 2-1: Called Strike 2-2: Ground out 4-3 (Groundball, 4, EV 95.6 MPH) Kaname Fujimoto to third
|
|
Batting: LHB Timo Gomez
|
0-0: Intentional Walk
|
|
Pitching: RHP Willie Felix
|
|
|
Batting: SHB Tomas Caldera
|
0-0: Ball 1-0: Called Strike Timo Gomez steals 2nd base 1-1: Foul Ball, location: 2F 1-2: Ball 2-2: Ball 3-2: Foul Ball, location: 2F 3-2: Ground out 6-3 (Groundball, 6, EV 105.6 MPH) Kaname Fujimoto scores
|
|
Batting: SHB Sean Cook
|
0-0: Called Strike Timo Gomez steals 3rd base 0-1: Ball 1-1: Ball 2-1: Ball 3-1: Called Strike 3-2: Ground out 6-3 (Groundball, 6, EV 80.0 MPH)
|
| Top of the 9th over - 1 run, 1 hit, 0 errors, 1 left on base; New York 3 - Milwaukee 0 |
| BOTTOM OF THE 9TH |
|
Milwaukee Brewers batting - Pitching for New York Mets : RHP Justin Howard
|
|
Pitching: LHP Sam Schrecengost
|
|
|
Batting: LHB Jeff Taylor
|
0-0: Fly out, F6 (Flyball, 6D, EV 85.6 MPH)
|
|
Batting: RHB Bobby Muniz
|
0-0: Ball 1-0: Swinging Strike 1-1: Ball 2-1: Swinging Strike 2-2: Strikes out swinging
|
|
Batting: SHB Jean-François Bernard
|
0-0: Foul Ball, location: 2F 0-1: Ground out 5-3 (Groundball, 5L, EV 80.0 MPH)
|
| Bottom of the 9th over - 0 runs, 0 hits, 0 errors, 0 left on base; New York 3 - Milwaukee 0 |
|